 Dungeon Crawl Stone Soup version 0.30.1-11-g7821555f0a (webtiles) character file.

Game seed: 3300979679823215861

81793 ChrisAssaf the Impaler (level 15, -14/136 HPs)
             Began as a Minotaur Berserker on Dec 20, 2023.
             Was a High Priest of Trog.
             Demolished by a rockslime (27 damage)
             ... on level 1 of the Pits of Slime.
             The game lasted 01:03:14 (20291 turns).

ChrisAssaf the Impaler (Minotaur Berserker)        Turns: 20291, Time: 01:03:15

Health: -14/136    AC: 15    Str: 24    XL:     15   Next: 27%
Magic:  1/14       EV: 23    Int:  8    God:    Trog [*****.]
Gold:   1031       SH:  9    Dex: 21    Spells: 14/14 levels left

rFire   . . .        Q - +4 trident of Beyond {freeze, *Noise rPois rC+ rCorr}
rCold   + . .        W - +3 buckler
rNeg    . . .        C - +4 ring mail of the Weak Hot Ocelot {Str+3 Dex+7}
rPois   +            E - +2 hat
rElec   +            D - +0 cloak {rCorr}
rCorr   +            A - +2 pair of gloves "Maet" {rPois Stlth+}
SInv    +            e - +0 pair of boots of Rotation {Drain +Inv rElec rPois}
Will    ++...        c - amulet "Waese" {Faith *Slow Will+ Slay+5 Stlth+}
Stlth   ++++++       t - ring of see invisible
HPRegen 0.42/turn    f - +5 ring of evasion
MPRegen 0.14/turn

%: slow self (1%), faith
@: mighty, engulfed (cannot breathe), corroded
A: horns 2, retaliatory headbutt, mutation resistance 1
a: Renounce Religion, Evoke Invisibility, Berserk, Trog's Hand, Brothers in Arms


You were on level 1 of the Pits of Slime.
You worshipped Trog.
Trog was extremely pleased with you.
You visited 3 branches of the dungeon, and saw 17 of its levels.
You also visited: Gauntlet and Ice Cave.

You collected 1241 gold pieces.
You spent 210 gold pieces at shops.

Inventory:

Hand Weapons
 Q - the +4 trident of Beyond (weapon) {freeze, *Noise rPois rC+ rCorr}
   (You took it off a spriggan on level 2 of the Lair of Beasts)

   rC:        It protects you from cold.
   rPois:     It protects you from poison.
   *Noise:    It may make noises in combat.
   rCorr:     It protects you from acid and corrosion.
Missiles
 q - 2 boomerangs of dispersal (quivered)
 X - 10 javelins
Armour
 e - the +0 pair of boots of Rotation (worn) {Drain +Inv rElec rPois}
   (You found it in an ice cave)

   rElec:     It insulates you from electricity.
   rPois:     It protects you from poison.
   +Inv:      It lets you turn invisible.
   Drain:     It drains your maximum health when unequipped.
 A - the +2 pair of gloves "Maet" (worn) {rPois Stlth+}
   (You found it on level 11 of the Dungeon)

   rPois:     It protects you from poison.
   Stlth:     It makes you more stealthy.
 C - the +4 ring mail of the Weak Hot Ocelot (worn) {Str+3 Dex+7}
   (You found it on level 7 of the Dungeon)

   Str:       It affects your strength (+3).
   Dex:       It affects your dexterity (+7).
 D - a +0 cloak of preservation (worn)
 E - a +2 hat (worn)
 W - a +3 buckler (worn)
Jewellery
 a - a ring of magical power
 c - the amulet "Waese" (around neck) {Faith *Slow Will+ Slay+5 Stlth+}
   (You acquired it on level 1 of the Dungeon)

   [amulet of faith]

   It allows you to gain divine favour quickly.
   Slay:      It affects your accuracy & damage with ranged weapons and melee
   (+5).
   *Slow:     It may slow you when you take damage.
   Will:      It increases your willpower.
   Stlth:     It makes you more stealthy.
 d - a ring of resist corrosion
 f - a +5 ring of evasion (right hand)
 g - a ring of ice
 k - an amulet of guardian spirit
 t - a ring of see invisible (left hand)
 y - a ring of protection from fire
 G - a +6 ring of strength
 P - a +4 ring of protection
 R - an amulet of faith
 T - an amulet of the acrobat
 U - the amulet "Qeapnu" {Acrobat rElec Str+3 Int+5}
   (You found it in a Gauntlet)

   [amulet of the acrobat]

   It increases your evasion while moving and waiting.
   Str:       It affects your strength (+3).
   Int:       It affects your intelligence (+5).
   rElec:     It insulates you from electricity.
 V - the ring "Koufios" {Ice *Corrode rPois Will+ Int+3}
   (You found it in a Gauntlet)

   [ring of ice]

   It enhances your ice magic.
   Int:       It affects your intelligence (+3).
   rF:        It makes you vulnerable to fire.
   rC:        It protects you from cold.
   rPois:     It protects you from poison.
   *Corrode:  It may corrode you when you take damage.
   Will:      It increases your willpower.
 Y - a ring of magical power
 Z - a +4 ring of protection
Wands
 j - a wand of mindburst (5)
 u - a wand of roots (4)
 z - a wand of flame (24)
 B - a wand of polymorph (16)
 L - a wand of charming (6)
Scrolls
 n - a scroll of enchant armour
 s - 2 scrolls of noise
 v - 5 scrolls of fog
 w - 7 scrolls of teleportation
 x - 2 scrolls of vulnerability
 H - 2 scrolls of immolation
 M - 2 scrolls of silence
 O - a scroll of poison
Potions
 b - 2 potions of might
 h - 3 potions of flight
 i - 4 potions of heal wounds
 l - 5 potions of haste
 m - 3 potions of resistance
 o - 3 potions of lignification
 p - 9 potions of curing
 r - 4 potions of attraction
 F - a potion of magic
 J - 13 potions of ambrosia
Miscellaneous
 N - a phial of floods (inert)


   Skills:
 * Level 13.3 Fighting
 - Level 6.1(12.6) Axes
 * Level 17.0(17.7) Polearms
 * Level 5.2(12.2) Staves
 * Level 8.7 Throwing
 * Level 10.2 Armour
 * Level 10.4 Dodging
 * Level 9.3 Stealth
 * Level 5.1 Shields
 * Level 7.7 Evocations


You had 14 spell levels left.
You didn't know any spells.
Your spell library was empty.

Dungeon Overview and Level Annotations

Branches:
Dungeon (11/15)            Temple (0/1) D:4            Lair (5/5) D:11
 Shoals (0/4) Lair:2        Snake (0/4) Lair:3        Slime (1/5) Lair:5
    Orc (0/2) D:11          IceCv (visited)         Gauntlet (visited)

Altars:
Ashenzari
Fedhas
Gozag
Hepliaklqana
Nemelex Xobeh
Okawaru
Sif Muna
Trog
Uskayaw
Xom
Yredelemnul
Zin
Jiyva

Shops:
D:6 ?

Annotations:
D:8 1 runed translucent door
D:9 2 transporters, exclusion: oklob plant, chicagocrazy's ghost, journeyman OgTm


Innate Abilities, Weirdness & Mutations

You have a pair of horns on your head.
You reflexively headbutt those who attack you in melee.
You are somewhat resistant to further mutation.


Message History

The slime creature is engulfed in a cloud of scalding steam.
You block the slime creature's attack.
The quicksilver ooze attacks as you move away!
The quicksilver ooze hits you.
* * * LOW HITPOINT WARNING * * *
The quicksilver ooze barely misses you.
The quicksilver ooze attacks as you move away!
The quicksilver ooze completely misses you.
You furiously retaliate!
You headbutt the quicksilver ooze!
You kill the quicksilver ooze!
Trog accepts your kill.
The quicksilver ooze is engulfed in a cloud of scalding steam.
The quicksilver ooze hits you.
* * * LOW HITPOINT WARNING * * *
The quicksilver ooze hits you but does no damage.
The slime creature hits you but does no damage.
The acid blob is engulfed in a cloud of scalding steam.
You feel much better. The quicksilver ooze hits you!
* * * LOW HITPOINT WARNING * * *
The quicksilver ooze engulfs you! The quicksilver ooze misses you.
You block the quicksilver ooze's attack. x2
The acid blob hits you!
* * * LOW HITPOINT WARNING * * *
The acid corrodes you!
You are splashed with acid.
You resist.
* * * LOW HITPOINT WARNING * * *
Aiming: Throw Flame
Press: ? - help, Shift-Dir - straight line, f - quicksilver ooze, p - slime creature
Aim: a quicksilver ooze (severely wounded, waterlogged, 60% to hit)
The puff of flame misses the quicksilver ooze.
The puff of flame hits the azure jelly!
The azure jelly is burned terribly!
The azure jelly is lightly wounded.
* * * LOW HITPOINT WARNING * * *
Your lungs strain for air!
The quicksilver ooze is no longer waterlogged.
The acid blob is no longer waterlogged.
The quicksilver ooze is engulfed in a cloud of scalding steam.
The quicksilver ooze hits you.
The quicksilver ooze hits you but does no damage.
The rockslime hits you!!
You die...

.#....#.........###
..................#
...........#........
....................
..............J##.#.
.........>..........
#........J~JG......
##.......JJJJJ.....
##........@JJJ>.....
#.^........JG....... . ##
##...........G......
..##.##...................
..............#.##........
#.##..#.##...#####........
#....##....# #........
###..####..## .......#.
##......###..


You could see an acid blob, 2 azure jellies, 3 great orbs of eyes, 3 slime
creatures, a rockslime and 4 quicksilver oozes.

Vanquished Creatures
  Gastronok (Lair:3)
  4 rockslimes (Slime:1)
  4 quicksilver oozes (Slime:1)
  A minotaur (Gauntlet)
  A catoblepas (Lair:5)
  2 hydras
  Erolcha (D:10)
  Erica (Lair:1)
  6 two-headed ogres
  2 boulder beetles
  A hell hog (Gauntlet)
  A skyshark (Lair:5)
  Amaemon (Lair:1)
  A bog body (IceCv)
  A lindwurm (Lair:5)
  A necromancer (IceCv)
  Pikel (D:6)
  3 oklob plants (Lair:5)
  An ugly thing (D:11)
  A salamander (Lair:3)
  15 elephants
  2 ice statues (IceCv)
  8 black mambas
  A smoke demon (Gauntlet)
  A rust devil (Gauntlet)
  9 cane toads
  2 molten gargoyles (Lair:5)
  An orange demon (Lair:1)
  A gargoyle (D:11)
  A torpor snail (Lair:2)
  2 unseen horror zombies (D:8)
  An unseen horror (D:10)
  3 rime drakes
  4 anaconda simulacra (IceCv)
  4 kobold demonologists (D:11)
  8 ice devils
  16 komodo dragons
  A troll (D:7)
  5 polar bears
  2 hornets
  A queen bee (Lair:1)
  13 blink frogs
  6 dream sheep (Lair:4)
  10 slime creatures (Slime:1)
  A dire elephant simulacrum (IceCv)
  A spriggan (Lair:2)
  7 wyverns
  2 fire bats (Gauntlet)
  A ynoxinul (Gauntlet)
  63 yaks
  5 basilisks
  A steam dragon (Lair:5)
  2 death yak simulacra (IceCv)
  3 wargs (D:11)
  4 harpy simulacra (IceCv)
  18 water moccasins
  A hydra simulacrum (IceCv)
  6 hell hounds
  7 orc warriors
  A swamp drake (D:11)
  3 sky beasts
  An ice beast (D:5)
  A black bear (D:6)
  A hornet zombie (D:8)
  An ogre (D:11)
  2 centaurs
  6 wolves (Lair:5)
  3 kobold brigands
  A phantom (D:6)
  6 bullfrogs
  11 scorpions
  A two-headed ogre simulacrum (IceCv)
  A cane toad simulacrum (IceCv)
  A wyvern zombie (D:8)
  21 wights
  18 killer bees
  2 howler monkeys (D:6)
  8 crimson imps
  7 lava snakes
  5 hounds
  A centaur zombie (D:8)
  2 iron imps (Gauntlet)
  4 jellies
  2 gnoll boudas
  10 orc priests
  4 sleepcaps
  5 iguanas
  13 orc wizards
  A troll simulacrum (IceCv)
  A polar bear simulacrum (IceCv)
  4 howler monkey zombies (D:8)
  10 gnolls
  9 adders
  A shadow imp (D:6)
  3 white imps
  An ufetubus (D:6)
  2 worms
  4 dart slugs
  37 orcs
  9 bats
  4 endoplasms
  5 giant cockroaches
  6 goblins
  7 hobgoblins
  7 jackals
  7 quokkas
  10 ball pythons
  3 frilled lizards
  20 kobolds
  7 rats
  A butterfly (D:8)
575 creatures vanquished.

Vanquished Creatures (collateral kills)
  An acid blob (Slime:1)
  The ghost of ritesign the Fighter, a journeyman DgCj (Lair:5)
  The ghost of bairyn the Severer, a journeyman MiFi of Makhleb (Lair:2)
  Snorg (D:11)
  A fire dragon (Lair:5)
  A great orb of eyes (Slime:1)
  2 spriggans (Lair:2)
  A shining eye (Slime:1)
  A kobold demonologist (D:11)
  A hornet (Lair:2)
  A queen bee (Lair:5)
  A polar bear (Lair:2)
  8 slime creatures (Slime:1)
  13 killer bees
  A kobold (D:11)
35 creatures vanquished.

Vanquished Creatures (others)
  An orc wizard (D:10)
1 creature vanquished.

Grand Total: 611 creatures vanquished

Notes
Turn   | Place    | Note
-------+----------+-------------------------------------------
     0 | D:1      | ChrisAssaf the Minotaur Berserker began the quest for the
                  | Orb.
     0 | D:1      | Reached XP level 1. HP: 19/19 MP: 0/0
    50 | D:1      | Identified a scroll of acquirement
    50 | D:1      | Acquired the amulet "Waese" {Faith *Slow Will+ Slay+5
                  | Stlth+}
   144 | D:1      | Reached XP level 2. HP: 19/27 MP: 1/1
   185 | D:1      | Found a faded altar of an unknown god.
   326 | D:1      | Reached ** piety under Trog
   564 | D:1      | Reached XP level 3. HP: 33/33 MP: 2/2
  1327 | D:2      | Reached XP level 4. HP: 37/41 MP: 3/3
  1714 | D:3      | Reached *** piety under Trog
  1720 | D:3      | Reached skill level 1 in Stealth
  1843 | D:3      | Reached skill level 1 in Throwing
  2139 | D:3      | Reached XP level 5. HP: 44/47 MP: 4/4
  2285 | D:3      | Identified the +0 robe "Heget" {rElec Int-4 Dex+3}
  2356 | D:3      | Reached skill level 5 in Axes
  2874 | D:4      | Noticed an orc warrior
  2906 | D:4      | Found a staircase to the Ecumenical Temple.
  2974 | D:4      | Found a hide-covered altar of Uskayaw.
  2989 | D:4      | Noticed a sky beast
  2989 | D:4      | Found a blossoming altar of Fedhas.
  3007 | D:4      | Killed a sky beast
  3008 | D:4      | Reached skill level 1 in Evocations
  3008 | D:4      | Reached XP level 6. HP: 55/55 MP: 5/5
  3022 | D:4      | Killed an orc warrior
  3023 | D:4      | Reached skill level 5 in Fighting
  3195 | D:4      | Found a bloodstained altar of Trog.
  3195 | D:4      | Found an iron altar of Okawaru.
  3201 | D:4      | Reached **** piety under Trog
  3404 | D:5      | Entered Level 5 of the Dungeon
  3512 | D:5      | Found a hazy altar of Hepliaklqana.
  3526 | D:5      | Found a sparkling altar of Nemelex Xobeh.
  3607 | D:5      | Reached XP level 7. HP: 61/61 MP: 6/6
  4332 | D:5      | Reached skill level 1 in Polearms
  4404 | D:6      | Found Egaesuic's Magic Scroll Shoppe.
  4429 | D:6      | Bought a scroll of teleportation for 30 gold pieces
  4429 | D:6      | Bought 2 scrolls of fear for 80 gold pieces
  4429 | D:6      | Bought a scroll of identify for 20 gold pieces
  4429 | D:6      | Bought a scroll of immolation for 40 gold pieces
  4429 | D:6      | Bought a scroll of poison for 40 gold pieces
  4551 | D:6      | Noticed Pikel
  4559 | D:6      | Killed Pikel
  4560 | D:6      | Reached skill level 2 in Polearms
  4560 | D:6      | Reached XP level 8. HP: 70/70 MP: 7/7
  4633 | D:6      | Reached skill level 3 in Polearms
  4893 | D:6      | Reached skill level 4 in Polearms
  4937 | D:6      | Reached skill level 5 in Armour
  4937 | D:6      | Reached skill level 5 in Dodging
  5101 | D:6      | Reached XP level 9. HP: 75/75 MP: 8/8
  5113 | D:6      | Reached skill level 5 in Polearms
  5330 | D:6      | Found a basalt altar of Yredelemnul.
  5347 | D:6      | Reached ***** piety under Trog
  5631 | D:7      | Noticed a troll
  5644 | D:7      | Killed a troll
  5707 | D:7      | Reached skill level 6 in Polearms
  6132 | D:7      | Reached skill level 5 in Stealth
  6498 | D:7      | Identified the +4 ring mail of the Weak Hot Ocelot {Str+3
                  | Dex+7}
  6923 | D:8      | Received a gift from Trog
  6924 | D:8      | Reached skill level 7 in Polearms
  7029 | D:8      | Found a runed translucent door.
  7035 | D:8      | Found a runed translucent door.
  7270 | D:8      | Found a shimmering altar of Xom.
  7274 | D:8      | Reached XP level 10. HP: 86/86 MP: 9/9
  7483 | D:8      | Reached skill level 8 in Polearms
  7487 | D:8      | Found a large runed translucent door.
  7490 | D:8      | Found a large runed translucent door.
  7651 | D:8      | Reached skill level 9 in Polearms
  8039 | D:8      | Found an opulent altar of Gozag.
  8053 | D:8      | Found a broken altar of Ashenzari.
  8167 | D:9      | Noticed an oklob plant
  8170 | D:9      | Noticed a centaur warrior
  8189 | D:9      | Noticed chicagocrazy's ghost (journeyman OgTm)
  8326 | D:9      | Found a transporter.
  8332 | D:9      | Found a transporter.
  8455 | D:9      | Reached skill level 10 in Polearms
  8455 | D:9      | Reached skill level 5 in Throwing
  8593 | D:9      | Noticed a two-headed ogre
  8603 | D:9      | Killed a two-headed ogre
  8604 | D:9      | Reached XP level 11. HP: 94/94 MP: 10/10
  8666 | D:9      | Found a glowing silver altar of Zin.
  8666 | D:9      | Found a shimmering blue altar of Sif Muna.
  8905 | D:9      | Noticed a two-headed ogre
  8912 | D:9      | Killed a two-headed ogre
  8913 | D:9      | Reached skill level 11 in Polearms
  9169 | D:10     | Entered Level 10 of the Dungeon
  9259 | D:10     | Noticed Erolcha
  9267 | D:10     | Killed Erolcha
  9485 | D:10     | Noticed a two-headed ogre
  9507 | D:10     | Killed a two-headed ogre
  9508 | D:10     | Reached skill level 12 in Polearms
  9509 | D:10     | Reached ****** piety under Trog
  9993 | D:11     | Noticed a two-headed ogre
  9993 | D:11     | Found a staircase to the Lair.
 10004 | D:11     | Killed a two-headed ogre
 10005 | D:11     | Reached skill level 5 in Evocations
 10022 | D:11     | Noticed a boulder beetle
 10032 | D:10     | Received a gift from Trog
 10083 | D:11     | Noticed a sixfirhy
 10094 | D:11     | Noticed Snorg
 10096 | D:11     | Noticed a soul eater
 10114 | D:11     | Killed Snorg
 10120 | D:11     | Reached XP level 12. HP: 53/104 MP: 11/11
 10321 | D:11     | Reached skill level 13 in Polearms
 10349 | D:11     | Noticed a two-headed ogre
 10349 | D:11     | Noticed a two-headed ogre
 10361 | D:11     | Killed a two-headed ogre
 10373 | D:11     | Killed a two-headed ogre
 10440 | D:11     | Killed a boulder beetle
 10538 | D:11     | Identified the +2 pair of gloves "Maet" {rPois Stlth+}
 10774 | D:11     | Found a staircase to the Orcish Mines.
 10780 | D:11     | Received a gift from Trog
 11061 | Lair:1   | Entered Level 1 of the Lair of Beasts
 11091 | Lair:1   | Gained mutation: You are somewhat resistant to further
                  | mutation. [potion of mutation]
 11126 | Lair:1   | Reached skill level 14 in Polearms
 11439 | Lair:1   | Reached skill level 10 in Fighting
 11452 | Lair:1   | Noticed Amaemon
 11461 | Lair:1   | Killed Amaemon
 11698 | Lair:1   | Noticed Erica
 11703 | Lair:1   | Killed Erica
 11847 | Lair:1   | Reached XP level 13. HP: 92/114 MP: 12/12
 12335 | Lair:2   | Reached skill level 15 in Polearms
 12428 | Lair:2   | Found a staircase to the Shoals.
 12447 | Lair:2   | Found a runed translucent door.
 12455 | Lair:2   | Identified the +4 trident of Beyond {freeze, *Noise rPois
                  | rC+ rCorr}
 12456 | Lair:2   | Noticed bairyn's ghost (journeyman MiFi)
 12528 | Lair:2   | Received a gift from Trog
 12619 | Lair:2   | Found a frozen archway.
 12637 | IceCv    | Entered an ice cave
 13801 | IceCv    | Identified the +0 pair of boots of Rotation {Drain +Inv
                  | rElec rPois}
 14625 | Lair:2   | Killed bairyn's ghost
 14760 | Lair:3   | Noticed Gastronok
 14775 | Lair:3   | Killed Gastronok
 14817 | Lair:3   | Found an opulent altar of Gozag.
 14916 | Lair:3   | Reached skill level 16 in Polearms
 14916 | Lair:3   | Reached skill level 1 in Staves
 15769 | Lair:3   | Found a staircase to the Snake Pit.
 16028 | Lair:4   | Found a gate leading to a gauntlet.
 16085 | Gauntlet | Entered a Gauntlet
 16085 | Gauntlet | Found a transporter.
 16085 | Gauntlet | Found a transporter.
 16089 | Gauntlet | Found a transporter.
 16092 | Gauntlet | Found a transporter.
 16093 | Gauntlet | Found a transporter.
 16093 | Gauntlet | Found a transporter.
 16123 | Gauntlet | Found a transporter.
 16127 | Gauntlet | Found a transporter.
 16130 | Gauntlet | Noticed a balrug
 16133 | Gauntlet | Found a runed translucent gate.
 16133 | Gauntlet | Found a runed translucent gate.
 16133 | Gauntlet | Found a runed translucent gate.
 16135 | Gauntlet | Found a transporter.
 16152 | Gauntlet | Found a transporter.
 16175 | Gauntlet | Found a transporter.
 16179 | Gauntlet | Found a transporter.
 16256 | Gauntlet | Identified the amulet "Qeapnu" {Acrobat rElec Str+3 Int+5}
 16286 | Gauntlet | Identified the ring "Koufios" {Ice *Corrode rPois Will+
                  | Int+3}
 16309 | Gauntlet | Reached XP level 14. HP: 124/124 MP: 13/13
 16891 | Lair:4   | Reached skill level 1 in Shields
 17058 | Lair:4   | Received a gift from Trog
 17517 | Lair:5   | Entered Level 5 of the Lair of Beasts
 17517 | Lair:5   | Noticed ritesign's ghost (journeyman DgCj)
 17517 | Lair:5   | Found a transporter.
 17517 | Lair:5   | Found a transporter.
 18155 | Lair:5   | Found a viscous altar of Jiyva.
 18518 | Lair:5   | Reached skill level 10 in Dodging
 18919 | Lair:5   | Found a large runed translucent door.
 18920 | Lair:5   | Found a large runed translucent door.
 19682 | Lair:5   | Found a staircase to the Slime Pits.
 19700 | Lair:5   | Received a gift from Trog
 19701 | Lair:5   | Reached skill level 10 in Armour
 19887 | Lair:5   | Killed ritesign's ghost
 20078 | Slime:1  | Entered Level 1 of the Pits of Slime
 20078 | Slime:1  | Noticed a rockslime
 20096 | Slime:1  | Killed a rockslime
 20120 | Slime:1  | Reached XP level 15. HP: 133/134 MP: 14/14
 20226 | Slime:1  | Noticed a rockslime
 20227 | Slime:1  | Noticed an acid blob
 20249 | Slime:1  | Killed a rockslime
 20250 | Slime:1  | Killed an acid blob
 20250 | Slime:1  | Noticed a rockslime
 20254 | Slime:1  | Reached skill level 5 in Staves
 20262 | Slime:1  | Killed a rockslime
 20268 | Slime:1  | Noticed a rockslime
 20274 | Slime:1  | Killed a rockslime
 20275 | Slime:1  | Reached skill level 17 in Polearms
 20275 | Slime:1  | Reached skill level 5 in Shields
 20277 | Slime:1  | Noticed an acid blob
 20281 | Slime:1  | Noticed an acid blob
 20281 | Slime:1  | Noticed an azure jelly
 20281 | Slime:1  | Noticed an azure jelly
 20286 | Slime:1  | Noticed a rockslime
 20291 | Slime:1  | Demolished by a rockslime

Illustrated notes

Levels and vault maps discovered:
D:1:      minmay_arrival_open_corners, layout_loops_cross,
          shapermc_ecumenical_altar_totnotflames
D:2:      layout_basic
D:3:      layout_basic, chequers_decorated_corner, st_stairs_3, grunt_decor_cap
D:4:      layout_basic, mainiacjoe_overflow_large_starburst,
          grunt_temple_overflow_bloody_war, minmay_temple_entry_statues_pillars
D:5:      layout_basic, nicolae_hepliaklqana_hazy_memory,
          mainiacjoe_overflow_chevrons
D:6:      minmay_bubble_buster, layout_loops_corners, yredelemnul_altar_generic,
          serial_shops, shop, uniq_pikel
D:7:      layout_basic
D:8:      lemuel_insect_pit, layout_loops_corners, led_xom_imps,
          jmf_multi_god_temple2, serial_undead, serial_undead_b,
          serial_undead_e, serial_undead_e, serial_undead_c, serial_undead_f,
          serial_undead_c
D:9:      layout_irregular_city, gammafunk_temple_overflow_wave,
          nzn_ghost_randoct
D:10:     layout_basic, uniq_erolcha
D:11:     layout_rooms, erik_lair_orcish_takeover, erik_orc_1, uniq_snorg
Lair:1:   layout_misc_corridors, special_room [special_room_bee],
          grunt_forest_stairs_basic, serial_bayou_shore_b, uniq_amaemon,
          uniq_erica
Lair:2:   layout_hall_layers, elwin_shoals_entry_rocks,
          ebering_ghost_funeral_grove, portal_ice_cave_demonic_guard
Lair:3:   layout_cave_pods, nicolae_snake_entry_warm_welcome, basic_altar,
          st_stairs_11, uniq_gastronok
Lair:4:   layout_regular_city, gauntlet_entry_generic
Lair:5:   cheibrodos_lair_end_hotspot, layout_hall_layers,
          minmay_slime_entry_oklob_enclosed, gammafunk_ghost_hive,
          lemuel_old_faithful
Slime:1:  layout_caves, special_room [special_room_jelly], nicolae_slime_barrier

Skill      XL: |  1  2  3  4  5  6  7  8  9 10 11 12 13 14 15 |
---------------+----------------------------------------------+-----
Axes           | 4 5 6 |  6.1
Fighting       | 4 5 6 7 8 9 10 11 12 13 | 13.3
Stealth        | 1 2 3 4 5 6 7 8 9 |  9.3
Throwing       | 1 2 3 4 5 6 7 8 |  8.7
Armour         | 3 4 5 6 7 8 9 10 | 10.2
Dodging        | 3 4 5 6 7 8 9 10 | 10.4
Evocations     | 1 2 3 4 5 6 7 |  7.7
Polearms       | 2 4 7 10 12 14 16 17 | 17.0
Staves         | 2 4 5 |  5.2
Shields        | 4 5 |  5.1

Action                     |  1- 3 |  4- 6 |  7- 9 | 10-12 | 13-15 || total
---------------------------+-------+-------+-------+-------+-------++-------
  Melee: Hand axe          |    60 |    59 |    12 |       |       ||   131
         Headbutt          |     4 |    13 |    27 |    71 |   189 ||   304
         Halberd           |       |       |   138 |   328 |   131 ||   597
         Trident           |       |       |       |       |   471 ||   471
         Punch             |       |       |       |       |     1 ||     1
  Throw: Throwing net      |       |       |       |     3 |     1 ||     4
         Boomerang         |       |       |       |     2 |     1 ||     3
         Dart              |       |       |       |     3 |     1 ||     4
 Invoke: Berserk           |       |     2 |     6 |    10 |    10 ||    28
         Brothers in Arms  |       |       |       |     2 |     5 ||     7
  Evoke: Wand              |       |     1 |     4 |     7 |    14 ||    26
         Phial of floods   |       |       |       |       |     2 ||     2
    Use: Scroll            |     6 |     5 |    10 |     7 |    10 ||    38
         Potion            |       |       |       |     4 |     6 ||    10
   Stab: Sleeping          |     5 |     6 |     9 |     1 |    15 ||    36
         Distracted        |       |       |     1 |     1 |     3 ||     5
         Held in net/web   |       |       |       |     2 |     2 ||     4
         Invisible         |       |       |       |       |     3 ||     3
 Armour: Animal skin       |    11 |     6 |       |       |       ||    17
         Robe              |       |     2 |     5 |       |       ||     7
         Ring mail         |       |       |    17 |    96 |   125 ||   238
  Dodge: Dodged            |    50 |    50 |   200 |   398 |   543 ||  1241
  Block: Buckler           |       |       |       |       |   143 ||   143
